 Dungeon Crawl Stone Soup version 0.20-a0-3-g334f831 (webtiles) character file.

65 varam the Insei (level 3, -1/29 HPs)
             Began as a Demonspawn Monk on Oct 30, 2016.
             Slain by a gnoll
             ... wielding a +0 spear
              (7 damage)
             ... on level 2 of the Dungeon.
             The game lasted 00:06:01 (1804 turns).

varam the Insei (Demonspawn Monk)                   Turns: 1804, Time: 00:06:01

Health: -1/29      AC:  2    Str: 11    XL:     3   Next: 94%
Magic:  3/3        EV: 13    Int: 11    God:
Gold:   56         SH:  0    Dex: 16    Spells: 0 memorised, 2 levels left

rFire  . . .     SeeInvis .       - Unarmed
rCold  . . .     Gourm    .     a - +0 robe
rNeg   . . .     Faith    .     (no shield)
rPois  .         Spirit   .     (no helmet)
rElec  .         Reflect  .     (no cloak)
rCorr  .         Harm     .     (no gloves)
MR     .....                    (no boots)
Stlth  ++........               o - amulet of regeneration
                                (no ring)
                                (no ring)

@: no status effects
A: spiny 1
a: no special abilities


You were on level 2 of the Dungeon.
You were not hungry.

You visited 1 branch of the dungeon, and saw 3 of its levels.

You collected 56 gold pieces.

Inventory:

Armour
 a - a +0 robe (worn)
Jewellery
 f - an uncursed amulet of magic regeneration
 m - a +5 ring of strength {unknown}
 o - an amulet of regeneration (around neck)
Scrolls
 g - 3 scrolls of identify {unknown}
 i - 2 scrolls of fog {unknown}
 j - 3 scrolls of enchant weapon {unknown}
 k - a scroll of remove curse {unknown}
 n - a scroll of amnesia {unknown}
 p - 2 scrolls of random uselessness {unknown}
Potions
 c - 4 potions of curing {unknown}
 e - a potion of mutation {unknown}
 l - 2 potions of heal wounds {unknown}
Comestibles
 b - a bread ration
 h - 2 meat rations


   Skills:
 - Level 3.0 Fighting
 + Level 2.6 Dodging
 - Level 1.7 Stealth
 * Level 4.4 Unarmed Combat


You had 2 spell levels left.
You didn't know any spells.

Dungeon Overview and Level Annotations

Branches:
Dungeon (3/15)

Altars:

Annotations:
D:3 Jessica, Sigmund


Innate Abilities, Weirdness & Mutations

You are partially covered in sharp spines.


Message History

The gnoll shouts!
There is a stone staircase leading up here.
Found 8 arrows.
There is a stone staircase leading up here.
The gnoll shouts!
A gnoll comes into view. It is wielding a spear.
The gnoll shouts!
There is a stone staircase leading up here.
The gnoll hits you with a club. The gnoll hits you with a spear.
There is a stone staircase leading up here.
The gnoll hits you from afar with a spear.
The gnoll hits you with a club. The gnoll hits you with a spear!
* * * LOW HITPOINT WARNING * * *
You climb upwards.
There is a stone staircase leading down here.
Unknown command.
You hit the gnoll.
The gnoll is lightly wounded.
The gnoll hits you with a spear!
You die...

######### #.......#
#.#####.# #.#...#.#
#.#<#.#.# #.###.#.#
#.)...#.#############
##########.....gg......#
................@#####.#
.........(.#.##### #.#
.##.######.#... #.#
.##+### #.##### #.#
........ #.# #.###
........ #.# #...#
........ #.. ###.#
........ ### ##### #...#
..#'#### #...# #.###


You could see 2 gnolls.

Vanquished Creatures
  3 adders (D:2)
  2 dart slugs (D:2)
  A leopard gecko (D:2)
  7 goblins
  A hobgoblin (D:2)
  2 jackals (D:2)
  A quokka (D:3)
  6 bats
  3 frilled lizards
  3 kobolds (D:2)
  7 rats
36 creatures vanquished.

Notes
Turn   | Place    | Note
-------+----------+-------------------------------------------
     0 | D:1      | varam the Demonspawn Monk began the quest for the Orb.
     0 | D:1      | Reached XP level 1. HP: 18/18 MP: 1/1
   125 | D:1      | Reached skill level 3 in Unarmed Combat
   409 | D:2      | Gained mutation: You are partially covered in sharp spines. [demonic ancestry]
   409 | D:2      | Reached XP level 2. HP: 24/24 MP: 2/2
   512 | D:2      | Reached XP level 3. HP: 21/29 MP: 3/3
   586 | D:2      | Reached skill level 4 in Unarmed Combat
  1123 | D:3      | Noticed Jessica
  1123 | D:3      | Noticed Sigmund
  1804 | D:2      | Slain by a gnoll

Vault maps used:
D:1:      dpeg_arrival_radiant
D:3:      uniq_jessica, uniq_iyjb, uniq_terence, uniq_sigmund

Skill      XL: |  1  2  3 |
---------------+----------+-----
Unarmed Combat | 3 4 |  4.4
Fighting       | |  3.0
Dodging        | |  2.6
Stealth        | |  1.7

Action                   || total
-------------------------++-------
Melee: Unarmed           ||    65
       Punch             ||     1
 Stab: Sleeping          ||     7
  Eat: Chunk             ||     3
Armor: Robe              ||    17
Dodge: Dodged            ||    59
